AoeStats
← micofilo

Arena

510807860Analyzed
1v1 RM · 1d ago on Oct 2, 2026· 35m 47s· 2 players
Game mode
Random Map
Map size
Tiny (2 player)
Population
200
Speed
Normal
Resources
Standard
Victory
Conquest
Starting age
Dark Age
Ending age
Imperial Age
RankedLock teamsTeams togetherTeam positionsShared explorationLock speedFull tech treeHidden civsTurbo modeCheats
Victory
Defeat
🇨🇱 Japanese · Chile
756
+13
🇨🇱 Goths · Chile
699
-13
micofilo
2:45 Loom
9:45 Feudal Age
10:56 Town Watch
11:47 Wheelbarrow
11:04 Double-Bit Axe
12:12 Gold Mining
22:42 Castle Age
20:35 Fletching
21:42 Padded Archer Armor
25:12 Horse Collar
26:00 Bow Saw
28:05 Scale Mail Armor
28:16 Forging
28:46 Man-at-Arms
29:53 Heavy Plow
33:08 Anarchy
33:16 Squires
33:42 Pikeman
33:42 Long Swordsman
34:36 Stone Mining
38:27 Imperial Age
RafSkin
7:25 Loom
10:28 Feudal Age
10:54 Double-Bit Axe
12:49 Wheelbarrow
17:07 Castle Age
14:44 Man-at-Arms
17:24 Fletching
18:08 Hand Cart
18:59 Long Swordsman
21:04 Stone Mining
24:53 Forging
26:18 Horse Collar
29:17 Heavy Plow
32:34 Imperial Age
33:42 Conscription
33:48 Squires
34:40 Elite Samurai
Connection lost

Rejoining the realm…

Still unreachable

The connection could not be restored.

Session expired

The server has moved on; the page needs a fresh start.